 Dungeon Crawl Stone Soup version 0.19.1 (webtiles) character file.

14783 omegacute the Grappler (level 11, -20/115 HPs)
             Began as a Troll Berserker on Dec 7, 2016.
             Was a High Priest of Trog.
             Demolished by a swamp worm (22 damage)
             ... on level 1 of the Lair of Beasts on Dec 15, 2016.
             The game lasted 01:06:06 (11457 turns).

omegacute the Grappler (Troll Berserker)           Turns: 11457, Time: 01:06:06

Health: -20/115    AC:  8    Str: 33    XL:     11   Next: 93%
Magic:  10/10      EV: 12    Int:  3    God:    Trog [*****.]
Gold:   255        SH:  0    Dex:  9    Spells: 0 memorised, 10 levels left

rFire  . . .     SeeInvis .       - Unarmed
rCold  . . .     Gourm    +     U - +2 robe {rN+}
rNeg   + . .     Faith    .     (no shield)
rPois  .         Spirit   .     (helmet restricted)
rElec  .         Reflect  .     m - +0 cloak
rCorr  .         Harm     .     (gloves unavailable)
MR     +....                    (boots unavailable)
Stlth  +.........               J - amulet of regeneration
                                V - +3 ring of strength
                                S - ring of protection from magic

@: no status effects
A: unfitting armour, claws 3, fast metabolism 3, gourmand, regeneration 1,
shaggy fur 1, tough skin 2
a: Berserk, Trog's Hand, Brothers in Arms, Burn Spellbooks, Renounce Religion


You were on level 1 of the Lair of Beasts.
You worshipped Trog.
Trog was extremely pleased with you.
You were completely stuffed.

You visited 2 branches of the dungeon, and saw 12 of its levels.
You also visited: Sewer and Ossuary.

You collected 911 gold pieces.
You spent 656 gold pieces at shops.

Inventory:

Armour
 m - a +0 cloak (worn)
 K - a +0 large shield
 P - the +6 large shield of Ignorance {rN+ AC+4 Int-6 *Curse}
   (You bought it in a shop on level 7 of the Dungeon)

   It affects your AC (+4).
   It affects your intelligence (-6).
   It protects you from negative energy.
   It may re-curse itself when equipped.
 U - a +2 robe of positive energy (worn)
Jewellery
 J - an amulet of regeneration (around neck)
 S - a ring of protection from magic (left claw)
 V - a +3 ring of strength (right claw)
Wands
 a - a wand of slowing (30/48)
 p - a wand of digging (2/24)
 s - a wand of enslavement (8/24)
 Z - a wand of confusion (33/48)
Scrolls
 d - a scroll of random uselessness {unknown}
 e - 5 scrolls of remove curse
 f - 7 scrolls of identify
 i - 4 scrolls of enchant weapon {unknown}
 j - 3 scrolls of blinking {unknown}
 k - 2 scrolls of fog {unknown}
 n - 8 scrolls of teleportation {unknown}
 o - 2 scrolls of fear {unknown}
 q - a scroll of amnesia {unknown}
 u - 4 scrolls of enchant armour {unknown}
 v - 4 scrolls of magic mapping
 y - a scroll of immolation {unknown}
 N - a scroll of noise {unknown}
 O - a scroll of recharging {unknown}
Potions
 c - a potion of resistance {unknown}
 g - a potion of agility {unknown}
 l - 12 potions of curing
 r - a potion of degeneration {unknown}
 w - 2 potions of brilliance {unknown}
 x - 4 potions of heal wounds
 z - 5 potions of flight
 A - a potion of might
 C - 4 potions of invisibility
 D - 3 potions of lignification {unknown}
 E - a potion of cancellation {unknown}
 F - a potion of haste {unknown}
 G - a potion of mutation {unknown}
 H - a potion of magic {unknown}
 I - a potion of beneficial mutation {unknown}
 L - a potion of cure mutation {unknown}
Comestibles
 b - 12 bread rations
 h - 5 meat rations
 t - 2 royal jellies
 B - 12 fruits
 M - a beef jerky
 Q - 2 chunks of flesh


   Skills:
 + Level 9.2 Fighting
 - Level 5.6 Dodging
 * Level 9.6 Shields
 - Level 10.6 Unarmed Combat


You had 10 spell levels left.
You didn't know any spells.

Dungeon Overview and Level Annotations

Branches:
Dungeon (11/15)            Temple (0/1) D:7            Lair (1/6) D:8
    Orc (0/2) D:11

Altars:
Elyvilon
Makhleb
Ru
Beogh

Shops:
D:6 :   D:7 [

Annotations:
D:9 exclusion: ice statue


Innate Abilities, Weirdness & Mutations

You are too large for most types of armour.
You have claws for hands.
Your metabolism is lightning-fast.
You like to eat raw meat.
Your natural rate of healing is unusually fast.
You are covered in fur. (AC +1)
You have very tough skin. (AC +2)


Message History

You kill the swamp worm!
Trog accepts your kill.
A swamp worm bursts forth from the water.
The swamp worm bites you.
* * * LOW HITPOINT WARNING * * *
A swamp worm bursts forth from the water.
The swamp worm bites you!
* * * LOW HITPOINT WARNING * * *
A swamp worm bursts forth from the water.
The swamp worm closely misses you.
The swamp worm bites you but does no damage.
The swamp worm bites you!
* * * LOW HITPOINT WARNING * * *
The swamp worm bites you!
* * * LOW HITPOINT WARNING * * *
You take 27 damage, and have 14/115 hp.
MASSIVE DAMAGE!!
The swamp worm bites you!
* * * LOW HITPOINT WARNING * * *
The swamp worm bites you!!
You die...

.......####..###.##
.........#..## #..#
..........### #..##
...........## ##..#
........#...######.##
.......##.#.≈≈≈≈≈≈≈≈###
##.....#P.≈≈≈≈≈≈≈≈≈≈≈≈#
#####.##≈≈≈#######≈≈≈# #
####≈≈P#≈≈≈@w##≈≈# ####
#≈≈≈≈≈≈ww≈$#≈≈### ...###
##≈≈P#≈≈≈≈≈##≈≈..# .....#
#≈≈≈≈#######≈≈≈.### ##...#
#≈.≈≈≈≈≈≈≈≈≈≈≈P.#P####
.#...####...≈≈≈≈≈≈≈P≈.......#
......##.........#####......#
.⌠#.####.........# #.......##
..#.# ##.........##
#........#


You could see 3 swamp worms.

Vanquished Creatures
  The ghost of Philosophy the Cruncher, a journeyman FoFi of Okawaru (Lair:1)
  Erica (D:10)
  2 unseen horrors (D:11)
  A hill giant (D:11)
  An ugly thing (D:11)
  A gargoyle (D:10)
  2 spiny frogs (Lair:1)
  A komodo dragon (D:11)
  A troll (D:11)
  A hornet (D:8)
  A spriggan (D:8)
  2 hippogriffs
  10 yaks
  A wyvern (D:9)
  A basilisk (D:11)
  2 hungry ghosts
  A soldier ant (D:11)
  3 swamp worms (Lair:1)
  Duvessa (D:4)
  3 water moccasins
  2 hell hounds (D:8)
  A black bear (D:4)
  4 sky beasts
  2 phantoms
  2 ogres
  9 orc warriors
  7 centaurs
  A crocodile (Lair:1)
  4 big kobolds
  10 bullfrogs
  Dowan (D:4)
  6 scorpions
  4 killer bees (D:7)
  9 wights
  3 howler monkeys
  A bullfrog zombie (D:8)
  2 centaur zombies
  4 crimson imps
  A bullfrog skeleton (D:4)
  9 orc priests
  2 jellies
  5 orc wizards
  Crazy Yiuf (D:3)
  5 hounds
  A centaur skeleton (D:11)
  A gnoll shaman (D:8)
  Terence (D:3)
  Jessica (D:3)
  2 iguanas (D:7)
  Natasha (thrice) (D:3)
  6 worker ants
  2 killer bee zombies (D:8)
  A hound zombie (D:9)
  3 hound skeletons
  8 mummies (Ossuary)
  Robin (D:3)
  14 gnolls
  3 river rats (D:5)
  10 adders
  2 oozes
  3 adder skeletons
  16 worms
  3 dart slugs
  4 leopard geckos
  47 orcs
  6 ball pythons
  9 giant cockroaches
  3 gnoll zombies (Ossuary)
  8 goblins
  6 hobgoblins
  12 jackals
  8 quokkas
  12 bats
  4 frilled lizards
  A hobgoblin zombie (Ossuary)
  40 kobolds
  A kobold zombie (Ossuary)
  A leopard gecko skeleton (D:6)
  A leopard gecko zombie (D:6)
  4 orc zombies
  A quokka skeleton (D:6)
  7 rats
  A plant (Lair:1)
389 creatures vanquished.

Vanquished Creatures (collateral kills)
  2 orcs (D:7)
2 creatures vanquished.

Vanquished Creatures (others)
  A quokka (D:6)
  A plant (Lair:1)
2 creatures vanquished.

Grand Total: 393 creatures vanquished

Notes
Turn   | Place    | Note
-------+----------+-------------------------------------------
     0 | D:1      | omegacute the Troll Berserker began the quest for the Orb.
     0 | D:1      | Reached XP level 1. HP: 22/22 MP: 0/0
   159 | D:2      | Reached XP level 2. HP: 26/29 MP: 1/1
   432 | D:1      | Reached skill level 4 in Unarmed Combat
   634 | D:1      | Reached ** piety under Trog
   874 | D:1      | Reached XP level 3. HP: 34/36 MP: 2/2
  1663 | D:2      | Reached XP level 4. HP: 44/44 MP: 3/3
  1669 | D:2      | Reached skill level 5 in Unarmed Combat
  2125 | D:3      | Noticed Robin
  2132 | D:3      | Killed Robin
  2270 | D:3      | Noticed Natasha
  2275 | D:3      | Killed Natasha
  2275 | D:3      | Reached XP level 5. HP: 50/50 MP: 4/4
  2281 | D:3      | Noticed Jessica
  2283 | D:3      | Noticed Terence
  2294 | D:3      | Killed Jessica
  2294 | D:3      | Reached skill level 6 in Unarmed Combat
  2301 | D:3      | Killed Terence
  2338 | D:3      | Noticed Natasha
  2338 | D:3      | Killed Natasha
  2390 | D:3      | Reached *** piety under Trog
  2494 | D:3      | Found a runed door.
  2498 | D:3      | Noticed Crazy Yiuf
  2502 | D:3      | Killed Crazy Yiuf
  2502 | D:3      | Reached XP level 6. HP: 40/59 MP: 5/5
  2638 | D:3      | Noticed Natasha
  2651 | D:3      | Killed Natasha
  2651 | D:3      | Reached skill level 7 in Unarmed Combat
  2944 | D:4      | Noticed Dowan
  2947 | D:4      | Noticed Duvessa
  2957 | D:4      | Killed Duvessa
  2957 | D:4      | Reached skill level 8 in Unarmed Combat
  2957 | D:4      | Reached XP level 7. HP: 66/66 MP: 6/6
  2958 | D:4      | Killed Dowan
  3273 | D:4      | Found a sacrificial altar of Ru.
  3481 | D:5      | Entered Level 5 of the Dungeon
  3530 | D:5      | Reached skill level 9 in Unarmed Combat
  3531 | D:5      | Found a glowing drain.
  3587 | Sewer    | Entered a sewer
  4082 | D:5      | Reached **** piety under Trog
  4082 | D:5      | Reached XP level 8. HP: 55/74 MP: 7/7
  4084 | D:5      | Reached skill level 10 in Unarmed Combat
  4423 | D:6      | Found a sand-covered staircase.
  4449 | Ossuary  | Entered an ossuary
  4902 | D:6      | Found Qyptio's Book Emporium.
  5153 | D:6      | Found a white marble altar of Elyvilon.
  5496 | D:7      | Found Penneteu's Armour Emporium.
  5563 | D:7      | Reached XP level 9. HP: 73/84 MP: 8/8
  5985 | D:7      | Reached skill level 5 in Fighting
  6263 | D:7      | Reached skill level 5 in Dodging
  6342 | D:7      | Found a staircase to the Ecumenical Temple.
  6469 | D:7      | Reached ***** piety under Trog
  6488 | D:8      | Paralysed by a hornet for 1 turns
  6666 | D:8      | Found a burning altar of Makhleb.
  6666 | D:8      | Noticed a green death
  6825 | D:8      | Reached skill level 1 in Shields
  7072 | D:8      | Received a gift from Trog
  7125 | D:8      | Reached XP level 10. HP: 100/100 MP: 9/9
  7188 | D:8      | Found a staircase to the Lair.
  7777 | D:9      | Noticed an ice statue
  8127 | D:10     | Entered Level 10 of the Dungeon
  8178 | D:10     | Noticed a gargoyle
  8188 | D:10     | Killed a gargoyle
  8188 | D:10     | Reached skill level 5 in Shields
  8346 | D:10     | Noticed Erica
  8353 | D:10     | Killed Erica
  8658 | D:10     | Reached XP level 11. HP: 111/111 MP: 10/10
  8969 | D:7      | Bought the cursed +6 large shield of Ignorance {rN+ AC+4 Int-6 *Curse} for 656 gold pieces
  8974 | D:7      | Lost intelligence.
  9095 | D:11     | Noticed a hill giant
  9107 | D:11     | Killed a hill giant
  9318 | D:11     | Found a staircase to the Orcish Mines.
  9348 | D:11     | Found a roughly hewn altar of Beogh.
  9426 | D:11     | Noticed a brown ugly thing
  9437 | D:11     | Killed a brown ugly thing
  9680 | D:11     | Killed an unseen horror
  9824 | D:11     | Killed an unseen horror
 10322 | D:11     | Received a gift from Trog
 10519 | Lair:1   | Entered Level 1 of the Lair of Beasts
 10814 | Lair:1   | Noticed Philosophy's ghost (journeyman FoFi)
 10820 | Lair:1   | Killed Philosophy's ghost
 11457 | Lair:1   | HP: 2/115 [swamp worm (14)]
 11457 | Lair:1   | Demolished by a swamp worm

Skill      XL: |  1  2  3  4  5  6  7  8  9 10 11 |
---------------+----------------------------------+-----
Unarmed Combat | 4 5 6 8 9 10 | 10.6
Fighting       | 4 6 7 9 |  9.2
Dodging        | 4 5 |  5.6
Shields        | 2 6 9 |  9.6

Action                   |  1- 3 |  4- 6 |  7- 9 | 10-12 || total
-------------------------+-------+-------+-------+-------++-------
Melee: Unarmed           |   122 |   109 |   352 |   464 ||  1047
       Punch             |       |     3 |    13 |    28 ||    44
Invok: Berserk           |       |     4 |     5 |    10 ||    19
       Trog's Hand       |       |     3 |     2 |     6 ||    11
       Brothers in Arms  |       |       |     1 |       ||     1
       Burn Spellbooks   |       |       |       |     1 ||     1
  Use: Scroll            |       |       |     2 |     4 ||     6
 Stab: Sleeping          |       |       |     2 |       ||     2
  Eat: Chunk             |    21 |    15 |    46 |    57 ||   139
Armor: Animal skin       |    49 |    30 |    79 |    18 ||   176
       Robe              |       |       |       |    72 ||    72
Dodge: Dodged            |   108 |    44 |   174 |   197 ||   523
